 Dungeon Crawl Stone Soup version 0.19-a0-1008-g4c63d25 (webtiles) character file.

3779 Liquid the Grappler (level 9, -3/71 HPs)
             Began as a Demonspawn Gladiator on July 22, 2016.
             Was an Initiate of Uskayaw.
             Slain by a wolf (7 damage)
             ... led by Grum
             ... on level 7 of the Dungeon.
             The game lasted 00:18:44 (4873 turns).

Liquid the Grappler (Demonspawn Gladiator)          Turns: 4873, Time: 00:18:45

Health: -3/71      AC:  9    Str: 16    XL:     9   Next: 95%
Magic:  12/12      EV: 16    Int: 11    God:    Uskayaw [......]
Gold:   332        SH:  0    Dex: 15    Spells: 1 memorised, 4 levels left

rFire  + . .     SeeInvis .       - Unarmed
rCold  + . .     Gourm    .     a - +0 leather armour
rNeg   . . .     Faith    .     (no shield)
rPois  .         Spirit   .     b - +1 helmet
rElec  .         Dismiss  .     v - +0 cloak
rCorr  .         Reflect  .     (no gloves)
SustAt .         Harm     .     (no boots)
MR     .....                    e - amulet of regeneration
Stlth  +.........               (no ring)
                                j - ring of protection from fire

@: not resistant to hostile enchantments, very unstealthy
A: slimy green scales 2, blurry vision 1, cold resistance 1, low mp 1, powered
by pain 2
a: Renounce Religion


You were on level 7 of the Dungeon.
You worshipped Uskayaw.
Uskayaw was noncommittal.
You were very hungry.

You visited 2 branches of the dungeon, and saw 9 of its levels.

You collected 332 gold pieces.

Inventory:

Missiles
 c - 2 throwing nets (quivered)
 k - 30 poisoned needles
Armour
 a - a +0 leather armour (worn)
 b - a +1 helmet (worn)
 v - a +0 cloak (worn)
Jewellery
 e - an amulet of regeneration (around neck)
 f - an uncursed ring of protection from fire
 j - a ring of protection from fire (left hand)
Wands
 g - a wand of paralysis (5/24)
 u - a wand of random effects (37/48)
 x - a wand of digging (11/24)
Scrolls
 l - a scroll of enchant weapon
 n - 2 scrolls of teleportation
 s - a scroll of amnesia
 w - 3 scrolls of blinking
 y - a scroll of recharging {unknown}
Potions
 h - a potion of curing
 i - a potion of invisibility
 m - 3 potions of brilliance
 o - 2 potions of flight
 p - a potion of cure mutation
 t - a potion of might {unknown}
 z - a potion of haste {unknown}
 B - a potion of berserk rage {unknown}
Comestibles
 d - 3 bread rations
 q - 5 meat rations
 r - a beef jerky
 C - 3 fruits
 D - a slice of pizza


   Skills:
 + Level 6.8 Fighting
 - Level 1.7 Throwing
 + Level 6.5 Dodging
 * Level 9.2 Unarmed Combat
 + Level 6.8 Invocations


You had 4 spell levels left.
You knew the following spells:

 Your Spells              Type           Power        Failure   Level  Hunger
a - Passage of Golubria   Tloc           N/A          100%        4    #####..


Dungeon Overview and Level Annotations

Branches:
Dungeon (8/15)             Temple (1/1) D:4
   Lair: D:8-11

Altars:
Ashenzari
Cheibriados
Fedhas
Gozag
Hepliaklqana
Kikubaaqudgha
Makhleb
Nemelex Xobeh
Okawaru
Pakellas
Qazlal
Ru
Sif Muna
Trog
Uskayaw
Vehumet
Xom
Yredelemnul
Zin
The Shining One

Annotations:
D:5 Sigmund
D:8 Grum; Liquid's ghost, novice DsGl


Innate Abilities, Weirdness & Mutations

You are mostly covered in slimy green scales. (AC +3)
You sometimes gain power by taking damage.
Scrolls take you a little longer to read.
Your flesh is cold resistant. (rC+)
Your magical capacity is low. (-10% MP)


Message History

The wolf bites you.
* * * LOW HITPOINT WARNING * * *
You feel better. The wolf bites you.
* * * LOW HITPOINT WARNING * * *
The wolf bites you!
* * * LOW HITPOINT WARNING * * *
Unknown command.
Really read with blurry vision while enemies are nearby? [Y]es or [N]o only, please.
Really read with blurry vision while enemies are nearby?
Okay, then.
You feel better. The wolf bites you but does no damage.
The wolf closely misses you.
Unknown command.
Really read with blurry vision while enemies are nearby?
You begin reading the scroll.
You continue reading the scroll.
The wolf bites you!
* * * LOW HITPOINT WARNING * * *
The wolf bites you!
You die...

###....#...#..###########
#....#####........<...#
##.#..................#
#....#.#..>..........#
########....#.##..........#
.......###....##..........#
######.# ##...##..........#
# #.####....##.###.##### #
#........hh@.....# #
#####...#.##..#### ##
####..##...#.#
.######.....####.#.#
.##.....###.# #.#.#
.#..##### #.# ##...###
)...# #.# #......# ###.#
#.# #......# # #.## #.#
#......#


You could see 2 wolves.

Vanquished Creatures
  The ghost of Liquid the Martial Artist, a novice DsGl of Dithmenos (D:7)
  Pikel (D:7)
  A hippogriff (D:7)
  Edmund (D:5)
  Menkaure (D:7)
  2 steam dragons (D:7)
  A water moccasin (D:7)
  A black bear (D:7)
  An ice beast (D:5)
  2 orc warriors
  A sky beast (D:5)
  An ogre (D:2)
  4 centaurs
  4 scorpions
  5 killer bees (D:8)
  2 water moccasin skeletons
  A howler monkey (D:5)
  A jelly (D:6)
  A quasit (D:3)
  2 orc wizards
  3 orc priests
  2 hounds
  Jessica (D:3)
  4 worker ants
  2 hound skeletons
  3 gnolls (D:2)
  13 adders
  2 oozes (D:6)
  3 worms
  4 giant geckos
  11 orcs
  2 ball pythons (D:1)
  6 giant cockroaches
  13 hobgoblins
  3 jackals (D:7)
  3 quokkas
  10 bats
  2 giant gecko skeletons
  7 giant newts
  14 goblins
  A jackal skeleton (D:4)
  7 kobolds
  5 rats
  A fungus (D:7)
156 creatures vanquished.

Vanquished Creatures (others)
  A statue (D:7)
1 creature vanquished.

Grand Total: 157 creatures vanquished

Notes
Turn   | Place    | Note
-------+----------+-------------------------------------------
     0 | D:1      | Liquid the Demonspawn Gladiator began the quest for the Orb.
     0 | D:1      | Reached XP level 1. HP: 16/16 MP: 1/1
    68 | D:1      | Reached skill level 3 in Unarmed Combat
   185 | D:1      | Gained mutation: You are partially covered in slimy green scales. (AC +2) [demonic ancestry]
   185 | D:1      | Reached XP level 2. HP: 22/22 MP: 2/2
   606 | D:2      | Reached XP level 3. HP: 20/27 MP: 3/3
   654 | D:2      | Found a faded altar of an unknown god.
  1183 | D:2      | Gained mutation: You sometimes gain a little power by taking damage. [demonic ancestry]
  1183 | D:2      | Reached XP level 4. HP: 32/34 MP: 4/4
  1309 | D:2      | Reached skill level 4 in Unarmed Combat
  1569 | D:3      | Noticed Jessica
  1604 | D:3      | Killed Jessica
  1604 | D:3      | Gained mutation: You sometimes gain power by taking damage. [demonic ancestry]
  1604 | D:3      | Reached XP level 5. HP: 31/41 MP: 5/5
  1915 | D:3      | Noticed an ogre
  1944 | D:2      | Killed an ogre
  1944 | D:2      | Reached skill level 5 in Unarmed Combat
  1944 | D:2      | Reached XP level 6. HP: 29/47 MP: 6/6
  2117 | D:4      | Found a stormy altar of Qazlal.
  2397 | D:4      | Found a deep blue altar of Sif Muna.
  2400 | D:4      | Found a staircase to the Ecumenical Temple.
  2425 | Temple   | Entered the Ecumenical Temple
  2680 | Temple   | Became a worshipper of Uskayaw the Reveler
  2909 | D:5      | Entered Level 5 of the Dungeon
  2920 | D:5      | Gained mutation: Scrolls take you a little longer to read. [potion of mutation]
  2920 | D:5      | Gained mutation: Your flesh is cold resistant. (rC+) [potion of mutation]
  2920 | D:5      | Gained mutation: Your magical capacity is low. (-10% MP) [potion of mutation]
  2941 | D:5      | Noticed Sigmund
  3015 | D:5      | Noticed an ice beast
  3020 | D:5      | Reached * piety under Uskayaw
  3025 | D:5      | Reached ** piety under Uskayaw
  3027 | D:5      | Killed an ice beast
  3027 | D:5      | Gained mutation: You are mostly covered in slimy green scales. (AC +3) [demonic ancestry]
  3027 | D:5      | Reached XP level 7. HP: 44/54 MP: 2/6
  3074 | D:5      | Reached skill level 6 in Unarmed Combat
  3104 | D:5      | Found an opulent altar of Gozag.
  3105 | D:5      | Found a sparkling altar of Nemelex Xobeh.
  3124 | D:5      | Reached skill level 1 in Invocations
  3243 | D:5      | Noticed Edmund
  3272 | D:5      | Killed Edmund
  3413 | D:6      | Reached XP level 8. HP: 52/61 MP: 7/8
  3582 | D:6      | Reached skill level 7 in Unarmed Combat
  3636 | D:6      | Reached *** piety under Uskayaw
  3713 | D:6      | Reached skill level 5 in Fighting
  3713 | D:6      | Reached skill level 5 in Dodging
  3757 | D:6      | Learned a level 4 spell: Passage of Golubria
  3984 | D:7      | Noticed Menkaure
  3987 | D:7      | Noticed Liquid's ghost (novice DsGl)
  3989 | D:7      | Killed Menkaure
  4002 | D:7      | Reached **** piety under Uskayaw
  4008 | D:7      | Reached ***** piety under Uskayaw
  4010 | D:7      | Killed Liquid's ghost
  4010 | D:7      | Reached skill level 8 in Unarmed Combat
  4010 | D:7      | Reached skill level 5 in Invocations
  4010 | D:7      | Reached XP level 9. HP: 40/69 MP: 8/11
  4363 | D:7      | Found a radiant altar of Vehumet.
  4364 | D:7      | Noticed Pikel
  4385 | D:7      | Killed Pikel
  4385 | D:7      | Reached skill level 9 in Unarmed Combat
  4443 | D:7      | Found an opulent altar of Gozag.
  4660 | D:8      | Found a bloodstained altar of Trog.
  4708 | D:8      | Noticed Liquid's ghost (novice DsGl)
  4855 | D:8      | Noticed Grum
  4870 | D:7      | HP: 1/71 [wolf[Grum] (7)]
  4873 | D:7      | Slain by a wolf

Vault maps used:
D:1:      erik_arrival_triangle_medium
D:2:      first_bread, ecumenical_altar_2, minmay_crystal_room,
          minmay_small_reverse_x
D:3:      minmay_ogre_servants, uniq_jessica
D:4:      grunt_qazlal_sundering, overflow_temple_1_default, minivault_4
D:5:      grunt_temple_overflow_opulence, gammafunk_temple_overflow_wave,
          uniq_edmund, uniq_sigmund
D:6:      kennysheep_six_static_rooms, hex_large, uniq_grinder
D:7:      kennysheep_steamy, vehumet_statue, grunt_gozag_breadcrumbs,
          uniq_menkaure, uniq_pikel
D:8:      old_standard_altar, uniq_grum
Temple:   minmay_temple_curvy_branch

Skill      XL: |  1  2  3  4  5  6  7  8  9 |
---------------+----------------------------+-----
Unarmed Combat | 3 4 5 6 8 9 |  9.2
Dodging        | 3 4 5 6 |  6.5
Fighting       | 3 4 6 |  6.8
Invocations    | 2 5 6 |  6.8
Throwing       | |  1.7

Action                   |  1- 3 |  4- 6 |  7- 9 || total
-------------------------+-------+-------+-------++-------
Melee: Unarmed           |   173 |   306 |   416 ||   895
       Punch             |     3 |     8 |    13 ||    24
Throw: Throwing net      |       |     1 |       ||     1
Invok: Stomp             |       |     1 |    11 ||    12
       Line Pass         |       |       |     7 ||     7
  Use: Scroll            |     7 |     5 |     6 ||    18
       Potion            |       |     1 |     6 ||     7
 Stab: Sleeping          |     1 |       |       ||     1
       Distracted        |       |     1 |       ||     1
       Held in net/web   |       |     1 |       ||     1
       Paralysed         |       |       |     5 ||     5
       Confused          |       |       |     1 ||     1
  Eat: Chunk             |     1 |     6 |    10 ||    17
Armor: Leather armour    |    56 |   100 |   127 ||   283
Dodge: Dodged            |   156 |   219 |   296 ||   671
